 Dungeon Crawl Stone Soup version 0.26-a0-83-g7ccd015ce0 (webtiles) character file.

Game seed: 15009805003004674654

50 bmfx the Gusty (level 3, 0/16 HPs)
             Began as a Vine Stalker Air Elementalist on June 16, 2020.
             Succumbed to an adder's poison
             ... on level 2 of the Dungeon.
             The game lasted 00:03:59 (2000 turns).

bmfx the Gusty (Vine Stalker Air Elementalist)      Turns: 2000, Time: 00:04:00

Health: 0/16       AC:  3    Str: 10    XL:     3   Next: 79%
Magic:  8/8        EV: 12    Int: 16    God:
Gold:   49         SH:  0    Dex: 14    Spells: 5/8 levels left

rFire    . . .     SeeInvis .   c - +3 dagger (vamp)
rCold    . . .     Gourm    .   (no shield)
rNeg     . . .     Faith    .   a - +0 robe
rPois    .         Spirit   +   (no helmet)
rElec    .         Reflect  .   d - scarf {+Inv}
rCorr    .         Harm     .   (no gloves)
MR       .....                  l - +0 pair of boots
Stlth    ++........             (no amulet)
HPRegen  0.05/turn              (no ring)
MPRegen  0.11/turn              (no ring)

@: lethally poisoned (0 -> -5)
A: fangs 2, magic shield, antimagic bite, no potion heal 3, rot immunity
a: Evoke Invisibility


You were on level 2 of the Dungeon.
You were not hungry.

You visited 1 branch of the dungeon, and saw 2 of its levels.

You collected 49 gold pieces.


Innate Abilities, Weirdness & Mutations

You have extremely sharp teeth.
When hurt, damage is shared between your health and your magic reserves.
Your bite disrupts and absorbs the magic of your enemies.
Potions cannot restore your health.
You are immune to rotting.

Dungeon Overview and Level Annotations

Branches:
Dungeon (2/15)

Altars:

Annotations:
D:1 exclusion: gnoll


   Skills:
 - Level 1.5 Dodging
 - Level 2.4 Stealth
 + Level 3.3 Spellcasting
 - Level 1.0 Conjurations
 + Level 3.9 Air Magic


You had 5 spell levels left.
You knew the following spells:

 Your Spells              Type           Power        Failure   Level  Hunger
s - Swiftness             Chrm/Air       #.......     12%         2    ##.....
A - Shock                 Conj/Air       ##..         7%          1    None

Your spell library contained the following spells:

 Spells                   Type           Power        Failure   Level  Hunger
 Static Discharge         Conj/Air       ##......     21%         3    ###....
 Airstrike                Air            ###.......   36%         4    ####...
 Lightning Bolt           Conj/Air       ##........   88%         5    ######.

Action                   || total
-------------------------++-------
Throw: Boomerang         ||     1
 Cast: Shock             ||    67
  Use: Potion            ||     1
  Eat: Chunk             ||     1
       Ration            ||     1
Dodge: Dodged            ||     8

Skill      XL: |  1  2 |
---------------+-------+-----
Spellcasting   | 3 |  3.3
Dodging        | |  1.5
Stealth        | |  2.4
Conjurations   | |  1.0
Air Magic      | |  3.9

Inventory:

Hand Weapons
 c - a +3 vampiric dagger (weapon)
Missiles
 f - 4 boomerangs (quivered)
 h - 103 stones
Armour
 a - a +0 robe (worn)
 d - a scarf of invisibility (worn)
 l - a +0 pair of boots (worn)
 m - a cursed +0 chain mail
Scrolls
 b - a scroll of amnesia {unknown}
 g - a scroll of teleportation {unknown}
 i - a scroll of remove curse {unknown}
 k - a scroll of enchant weapon {unknown}
 n - a scroll of identify {unknown}
Comestibles
 o - 3 chunks of flesh {@w1}

.###### ###########
.......###########....)....#
#.....)....##...<.....#
############@.#.........#
...........†..).........#
..#############.........#
#.........# #.........#
###########


There were no monsters in sight!

Vanquished Creatures
  An adder (D:2)
  An ooze (D:1)
  2 worms (D:1)
  A dart slug (D:1)
  An orc (D:2)
  8 goblins
  5 hobgoblins (D:1)
  2 kobolds (D:1)
  A bat (D:1)
  3 rats
25 creatures vanquished.

Vanquished Creatures (others)
  A leopard gecko (D:2)
  A giant cockroach (D:2)
  A rat (D:2)
3 creatures vanquished.

Grand Total: 28 creatures vanquished

Levels and vault maps discovered:
D:1:      dpeg_arrival_morbid_curiosity, layout_loops_ring,
          minmay_misc_feat_room
D:2:      layout_rooms, fiery_altar_vehumet, first_ration


Message History

Confirm with . or Enter, or press ? or * to list all spells.
Aiming: Shock (safe; 7% risk of failure)
Press: ? - help, Shift-Dir - straight line The zap hits the adder.
You kill the adder!
You feel sick.
It was a potion of magic.
Magic courses through your body.
You feel sick.
You feel sick.
You feel sick.
You feel sick.
You feel sick.
* * * LOW HITPOINT WARNING * * *
You feel sick.
* * * LOW HITPOINT WARNING * * *
You feel sick.
* * * LOW HITPOINT WARNING * * *
You feel sick.
* * * LOW HITPOINT WARNING * * *
You feel sick.
You die...

Notes
Turn   | Place    | Note
-------+----------+-------------------------------------------
     0 | D:1      | bmfx the Vine Stalker Air Elementalist began the quest for
                  | the Orb.
     0 | D:1      | Reached XP level 1. HP: 9/9 MP: 4/4
   320 | D:1      | Reached XP level 2. HP: 13/13 MP: 3/6
  1156 | D:1      | Reached XP level 3. HP: 16/16 MP: 2/8
  1515 | D:1      | Learned a level 2 spell: Swiftness
  2000 | D:2      | Succumbed to an adder's poison
